 Seeded DCSS version 0.29-a0-23-ga79f92ac9c (webtiles) character file.

Game seed: 10000000000011 (custom seed)

10523 knot the Cleaver (level 11, -5/112 HPs)
             Began as a Demonspawn Berserker on Jan 31, 2022.
             Was a Believer of Trog.
             Slain by a blink frog (10 damage)
             ... on level 1 of the Lair of Beasts.
             The game lasted 00:25:30 (14752 turns).

knot the Cleaver (Demonspawn Berserker)            Turns: 14752, Time: 00:25:31

Health: -5/112     AC: 10    Str: 17    XL:     11   Next: 37%
Magic:  0/11       EV:  8    Int: 13    God:    Trog [**....]
Gold:   521        SH:  5    Dex: 13    Spells: 10/10 levels left

rFire   . . .      SeeInvis .   I - +0 battleaxe
rCold   + . .      Faith    .   (shield currently unavailable)
rNeg    . . .      Spirit   +   w - +1 chain mail of Urghimes {Fly rPois rC+ Slay-2 Stlth+}
rPois   +          Reflect  +   Q - +0 helmet
rElec   .          Harm     .   (no cloak)
rCorr   .          Rampage  .   (gloves unavailable)
Will    .....                   (no boots)
Stlth   ..........              d - amulet of reflection
HPRegen 0.28/turn               (no ring)
MPRegen 0.24/turn               (no ring)

@: berserking (expiring), flying, very quick
A: powered by death 1, magic shield, magic regeneration, sturdy frame 1, demonic
touch 3
a: Renounce Religion, Berserk, Trog's Hand


You were on level 1 of the Lair of Beasts.
You worshipped Trog.
Trog was pleased with you.
You visited 3 branches of the dungeon, and saw 13 of its levels.

You collected 711 gold pieces.
You spent 190 gold pieces at shops.

Inventory:

Hand Weapons
 t - a +0 war axe
 C - a +3 scimitar of flaming
 I - a +0 battleaxe (weapon)
Missiles
 f - 251 stones
 m - 3 poisoned darts
 q - 2 boomerangs (quivered)
 x - 36 sling bullets
 F - 2 throwing nets
 G - a curare-tipped dart
Armour
 b - a +0 animal skin
 k - a +0 ring mail
 s - a +2 robe of fire resistance
 w - the +1 chain mail of Urghimes (worn) {Fly rPois rC+ Slay-2 Stlth+}
   (You bought it in a shop on level 3 of the Dungeon)

   Slay:      It affects your accuracy & damage with ranged weapons and melee
   (-2).
   rC:        It protects you from cold.
   rPois:     It protects you from poison.
   Fly:       It grants you flight.
   Stlth:     It makes you more stealthy.
 y - the +3 hat of Pondering {ponderous, Will+ MP+10 Int+5}
   (You found it on level 8 of the Dungeon)

   Int:       It affects your intelligence (+5).
   MP:        It affects your magic capacity (+10).
   Will:      It increases your willpower.
 B - a +0 robe of cold resistance
 Q - a +0 helmet (worn)
Jewellery
 d - an amulet of reflection (around neck)
 E - a ring of willpower
Wands
 p - a wand of polymorph (2)
 r - a wand of flame (31)
 A - a wand of iceblast (11)
 O - a wand of digging (4)
Scrolls
 a - 2 scrolls of holy word
 c - 2 scrolls of amnesia
 n - 2 scrolls of blinking
 o - 2 scrolls of fog
 v - 2 scrolls of teleportation
 D - a scroll of magic mapping {unknown}
 J - a scroll of vulnerability {unknown}
 K - a scroll of torment
 L - a scroll of fear
Potions
 e - 7 potions of curing
 g - a potion of lignification {unknown}
 h - a potion of might {unknown}
 i - a potion of magic {unknown}
 j - a potion of heal wounds {unknown}
 l - 2 potions of attraction
 u - a potion of brilliance {unknown}
 z - 2 potions of resistance
 H - a potion of berserk rage {unknown}
 N - a potion of ambrosia {unknown}
 P - a potion of flight {unknown}


   Skills:
 - Level 3.2 Fighting
 * Level 12.5 Axes
 + Level 11.0 Throwing
 - Level 2.1 Armour
 - Level 2.1 Dodging


You had 10 spell levels left.
You didn't know any spells.
Your spell library contained the following spells:

 Spells                   Type           Power      Damage    Failure   Level
 Pain                     Necr           0%         1d4       94%         1
 Corpse Rot               Necr/Air       0%         N/A       98%         2
 Ensorcelled Hibernation  Hex/Ice        0%         N/A       98%         2
 Passwall                 Tmut/Erth      0%         N/A       98%         2
 Poisonous Vapours        Pois/Air       0%         N/A       98%         2
 Ozocubu's Armour         Ice            0%         N/A       100%        3
 Summon Guardian Golem    Hex/Summ       0%         N/A       100%        3
 Swiftness                Air            0%         N/A       100%        3
 Tukima's Dance           Hex            0%         N/A       100%        3
 Anguish                  Hex/Necr       0%         N/A       100%        4
 Agony                    Necr           0%         N/A       100%        5
 Excruciating Wounds      Necr           0%         N/A       100%        5
 Metabolic Englaciation   Hex/Ice        0%         N/A       100%        5
 Simulacrum               Ice/Necr       0%         N/A       100%        6
 Enfeeble                 Hex            0%         N/A       100%        7
 Orb of Destruction       Conj           0%         9d5       100%        7
 Spellforged Servitor     Conj/Summ      0%         N/A       100%        7


Dungeon Overview and Level Annotations

Branches:
Dungeon (10/15)            Temple (1/1) D:4            Lair (2/6) D:9
  Swamp: Lair:2-4    Shoals: Lair:2-4     Snake: Lair:2-4    Spider: Lair:2-4
    Orc: D:9-12

Altars:
Elyvilon
Hepliaklqana
Kikubaaqudgha
Nemelex Xobeh
Okawaru
Qazlal
Ru
Uskayaw
Wu Jian
Xom

Shops:
D:3 [   D:8 :


Innate Abilities, Weirdness & Mutations

You regenerate a little health from kills.
When hurt, damage is shared between your health and your magic reserves.
You regenerate magic rapidly.
Your movements are slightly less encumbered by armour. (ER -2)
Your touch may irresistibly damage your foes and sap their willpower.


Message History

* * * LOW HITPOINT WARNING * * *
You barely miss the water moccasin.
The water moccasin is moderately wounded.
You miss the blink frog.
The blink frog hits you but does no damage.
The water moccasin completely misses you.
You closely miss the water moccasin.
The water moccasin is moderately wounded.
You barely miss the blink frog.
The blink frog blinks!
You slash the water moccasin!
The water moccasin is almost dead.
The water moccasin barely misses you.
You closely miss the water moccasin.
The water moccasin is almost dead.
The water moccasin completely misses you.
You closely miss the water moccasin.
The water moccasin is almost dead.
You closely miss the blink frog. The water moccasin closely misses you.
The blink frog hits you but does no damage.
The water moccasin closely misses you.
You closely miss the water moccasin.
The water moccasin is almost dead.
You miss the blink frog.
The blink frog hits you but does no damage.
The water moccasin barely misses you.
You barely miss the water moccasin.
The water moccasin is almost dead.
You hit the blink frog. The blink frog hits you!
* * * LOW HITPOINT WARNING * * *
The water moccasin bites you!
* * * LOW HITPOINT WARNING * * *
Unknown command.
You closely miss the water moccasin.
The water moccasin is almost dead.
You barely miss the blink frog. You block the blink frog's attack.
The water moccasin bites you but does no damage.
You miss the blink frog.
The blink frog is lightly wounded.
You barely miss the water moccasin. The blink frog hits you!
You die...

####.........♣.....
#....#.##........
##...####........
##.........^.....
#..........#####.
#######..........#
##.
#.##P##.....#....#
#..
##...†......###..##
##. #.....@F....#
#F.# ##.
##.....S....#
#..####..
#######....#
#........ #.....#
#........ ##....#
#........
P.........§.##..
##..........##P..
...........###F.
......... ?..


You could see a blink frog and a water moccasin.

Vanquished Creatures
  A hydra (Lair:1)
  Harold (D:8)
  Erica (D:8)
  A two-headed ogre (D:8)
  The ghost of Clumpoid the Blocker, a novice GnFi of Cheibriados (D:8)
  A black mamba (Lair:1)
  2 cane toads (Lair:1)
  A komodo dragon (Lair:1)
  A kobold demonologist (D:5)
  A troll (D:10)
  A meliai (D:10)
  2 blink frogs (D:9)
  Prince Ribbit (D:8)
  7 yaks
  A wraith (D:10)
  A basilisk (Lair:1)
  An acid dragon (D:9)
  2 water moccasins
  3 orc warriors
  2 black bears
  A necrophage (D:6)
  An ice beast (D:7)
  4 ogres
  A boggart (D:10)
  A centaur (D:8)
  A phantom (D:6)
  A kobold brigand (D:7)
  2 wyvern zombies (D:7)
  2 bullfrogs
  7 scorpions
  A wyvern skeleton (D:7)
  8 killer bees (D:9)
  9 wights
  4 howler monkeys
  3 centaur zombies
  3 orc priests
  3 hounds
  2 jellies
  2 bullfrog skeletons
  3 centaur skeletons
  Ijyb (D:4)
  4 orc wizards
  A scorpion zombie (D:5)
  7 adders
  A shadow imp (D:7)
  A white imp (D:5)
  18 orcs
  6 endoplasms
  2 giant cockroaches
  5 goblins
  5 hobgoblins
  14 jackals
  2 quokkas (D:4)
  4 ball pythons
  7 bats
  4 frilled lizards
  7 kobolds
  5 rats
185 creatures vanquished.

Vanquished Creatures (others)
  2 orcs (D:7)
  11 fungi
  8 plants
21 creatures vanquished.

Grand Total: 206 creatures vanquished

Notes
Turn   | Place    | Note
-------+----------+-------------------------------------------
     0 | D:1      | knot the Demonspawn Berserker began the quest for the Orb.
     0 | D:1      | Reached XP level 1. HP: 18/18 MP: 1/1
   128 | D:1      | Gained mutation: You regenerate magic rapidly. [demonic
                  | ancestry]
   128 | D:1      | Reached XP level 2. HP: 19/24 MP: 2/2
   672 | D:1      | Reached skill level 3 in Axes
   834 | D:1      | You fall into a shaft and drop 1 floor!
  1001 | D:2      | Gained mutation: Your touch may inflict minor irresistible
                  | damage on your foes. [demonic ancestry]
  1001 | D:2      | Reached XP level 3. HP: 29/29 MP: 3/3
  1270 | D:2      | Reached ** piety under Trog
  1737 | D:2      | Reached XP level 4. HP: 35/35 MP: 4/4
  1752 | D:2      | Reached skill level 4 in Axes
  1969 | D:3      | Noticed an ogre
  1985 | D:3      | Killed an ogre
  1986 | D:3      | Reached skill level 1 in Throwing
  1986 | D:3      | Reached XP level 5. HP: 35/41 MP: 5/5
  2234 | D:3      | Found Daocsar's Antique Armour Emporium.
  2749 | D:4      | Found a staircase to the Ecumenical Temple.
  2768 | D:4      | Noticed Dowan
  2769 | D:4      | Noticed Duvessa
  2778 | D:4      | Noticed Dowan
  2778 | D:4      | Dowan changed into Dowan the quokka
  2780 | D:4      | Noticed Duvessa
  2780 | D:4      | Duvessa changed into Duvessa the scorpion
  2785 | D:4      | Killed Duvessa the scorpion
  2786 | D:4      | Reached skill level 5 in Axes
  2787 | D:4      | Killed Dowan the quokka
  2788 | D:4      | Gained mutation: Your touch may inflict irresistible damage
                  | on your foes. [demonic ancestry]
  2788 | D:4      | Reached XP level 6. HP: 47/47 MP: 6/6
  2805 | Temple   | Entered the Ecumenical Temple
  2863 | D:4      | Noticed Ijyb
  2897 | D:4      | Killed Ijyb
  3423 | D:5      | Entered Level 5 of the Dungeon
  3479 | D:5      | Noticed a kobold demonologist
  3493 | D:5      | Killed a kobold demonologist
  3494 | D:5      | Gained mutation: When hurt, damage is shared between your
                  | health and your magic reserves. [demonic ancestry]
  3494 | D:5      | Reached XP level 7. HP: 52/52 MP: 7/7
  3496 | D:5      | Reached skill level 6 in Axes
  4107 | D:5      | Reached skill level 5 in Throwing
  4215 | D:5      | Gained mutation: You regenerate a little health from kills.
                  | [demonic ancestry]
  4215 | D:5      | Reached XP level 8. HP: 49/58 MP: 6/8
  4473 | D:5      | Reached skill level 7 in Axes
  4551 | D:5      | Found a hide-covered altar of Uskayaw.
  4851 | D:3      | Bought an ichor-stained chain mail for 190 gold pieces
  4851 | D:3      | Identified the +1 chain mail of Urghimes {Fly rPois rC+
                  | Slay-2 Stlth+} (You bought it in a shop on level 3 of the
                  | Dungeon)
  5243 | D:6      | Found an iron altar of Okawaru.
  5641 | D:7      | Reached skill level 8 in Axes
  5825 | D:7      | Noticed Joseph
  5827 | D:7      | Noticed Joseph
  5827 | D:7      | Joseph changed into Joseph the black bear
  5833 | D:7      | Killed Joseph the black bear
  5937 | D:7      | Gained mutation: Your touch may irresistibly damage your
                  | foes and sap their willpower. [demonic ancestry]
  5937 | D:7      | Reached XP level 9. HP: 64/64 MP: 9/9
  7019 | D:7      | Found a sacrificial altar of Ru.
  7162 | D:6      | Found a sparkling altar of Nemelex Xobeh.
  7162 | D:6      | Found a shimmering altar of Xom.
  7165 | D:6      | Found an ornate altar of the Wu Jian Council.
  7497 | D:8      | Noticed Prince Ribbit
  7523 | D:8      | Killed Prince Ribbit
  7524 | D:8      | Reached skill level 9 in Axes
  7737 | D:8      | Noticed Erica
  8158 | D:8      | Killed Erica
  8526 | D:8      | Noticed Harold
  8526 | D:8      | Found the +3 hat of Pondering {ponderous, Will+ MP+10
                  | Int+5}
  8546 | D:8      | Killed Harold
  8547 | D:8      | Reached skill level 10 in Axes
  8547 | D:8      | Reached XP level 10. HP: 28/70 MP: 3/10
  8868 | D:8      | Found Yhyquem's Self-Improvement Boutique.
  8941 | D:8      | Found a large runed translucent door.
  8941 | D:8      | Found a large runed translucent door.
  8942 | D:8      | Noticed Clumpoid's ghost (novice GnFi)
  9172 | D:8      | Noticed a two-headed ogre
  9185 | D:8      | Killed a two-headed ogre
  9677 | D:8      | Killed Clumpoid's ghost
  9984 | D:8      | Reached skill level 10 in Throwing
 10170 | D:9      | Reached skill level 11 in Axes
 10821 | D:9      | Found a staircase to the Lair.
 11548 | D:10     | Entered Level 10 of the Dungeon
 12260 | D:10     | Found an ancient bone altar of Kikubaaqudgha.
 12406 | D:10     | Gained mutation: Your movements are slightly less
                  | encumbered by armour. (ER -2) [demonic ancestry]
 12406 | D:10     | Reached XP level 11. HP: 75/75 MP: 11/11
 12551 | D:10     | Found a hazy altar of Hepliaklqana.
 12857 | Lair:1   | Entered Level 1 of the Lair of Beasts
 13594 | Lair:1   | Reached skill level 12 in Axes
 13845 | Lair:1   | Noticed a five-headed hydra
 14692 | Lair:1   | Killed a one-headed hydra
 14750 | Lair:1   | HP: 5/112 [water moccasin (6)]
 14752 | Lair:1   | Slain by a blink frog

Illustrated notes

Levels and vault maps discovered:
D:1:      lordsloth_arrival_two_stooges, layout_basic, grunt_decor_fettered,
          minmay_misc_feat_diagonals, nicolae_concentric_dashed_squares_wild
D:2:      layout_rooms, hangedman_decor_clover_reticule
D:3:      layout_basic, serial_shops, shop, kennysheep_path_1
D:4:      layout_rooms, temple_doors_e, uniq_duvessa, uniq_ijyb
D:5:      layout_loops_cross, nicolae_uskayaw_suspiria, item_on_display_a
D:6:      layout_rooms, nicolae_overflow_hidden_temple, grunt_ministairs_6
D:7:      layout_loops_ring, nicolae_ru_awakened_eye, palyth_stone_intersect,
          minmay_misc_feat_alley, minivault_27, uniq_joseph
D:8:      layout_loops_ring, ebering_ghost_disaster_area,
          nicolae_shop_self_help, uniq_harold, uniq_erica, uniq_prince_ribbit1
D:9:      layout_grid_maze, grunt_lair_entry_orc_guard_hut
D:10:     layout_loops_cross, mainiacjoe_overflow_alcove_2,
          kennysheep_little_box
Temple:   dshaligram_water_room_temple
Lair:1:   layout_small_grid, minivault_27, grunt_forest_small_clearing_treed,
          uniq_maggie
Lair:2:   layout_cave_pods, swamp_mist_pool

Skill      XL: |  1  2  3  4  5  6  7  8  9 10 11 |
---------------+----------------------------------+-----
Armour         | 2 |  2.1
Dodging        | 2 |  2.1
Axes           | 3 4 5 6 8 10 11 12 | 12.5
Throwing       | 1 2 4 5 7 9 10 11 | 11.0
Fighting       | |  3.2

Action                   |  1- 3 |  4- 6 |  7- 9 | 10-12 || total
-------------------------+-------+-------+-------+-------++-------
Melee: Hand axe          |    93 |    67 |       |       ||   160
       Touch             |     4 |    14 |    46 |    45 ||   109
       Punch             |       |     1 |     5 |     2 ||     8
       War axe           |       |    13 |   216 |   228 ||   457
       Battleaxe         |       |       |       |    16 ||    16
       Scimitar          |       |       |       |     4 ||     4
Throw: Dart              |       |     4 |    10 |    13 ||    27
       Boomerang         |       |     2 |    76 |    55 ||   133
       Stone             |       |       |     2 |     3 ||     5
Invok: Berserk           |     2 |     6 |    12 |    18 ||    38
       Trog's Hand       |       |     1 |     1 |     1 ||     3
Evoke: Wand              |       |     3 |    11 |    15 ||    29
  Use: Scroll            |       |       |     4 |     7 ||    11
       Potion            |       |       |     1 |       ||     1
 Stab: Paralysed         |       |       |       |     3 ||     3
Armor: Animal skin       |    19 |       |       |       ||    19
       Ring mail         |     6 |    24 |    21 |       ||    51
       Chain mail        |       |       |    60 |   112 ||   172
Dodge: Dodged            |    54 |    36 |    63 |    98 ||   251
Block: Other             |    23 |     6 |    45 |    56 ||   130
       Reflection        |     1 |       |     2 |       ||     3

Table legend: (Time is in decaauts)
 A = Elapsed time spent in this place.
 B = Non-inter-level travel time spent in this place.
 C = Inter-level travel time spent in this place.
 D = Time resting spent in this place.
 E = Time spent auto-exploring this place.
 F = Levels seen in this place.
 G = Mean time per level.
                   A        B        C        D        E       F      G
               +--------+--------+--------+--------+--------+-----+--------+
         Total |  15134 |  14490 |    644 |   6376 |   6256 |  13 | 1164.2 |
       Dungeon |  13462 |  12819 |    643 |   5182 |   6046 |  10 | 1346.2 |
        Temple |     52 |     52 |      0 |     50 |      0 |   1 |   52.0 |
          Lair |   1620 |   1620 |      0 |   1144 |    210 |   2 |  810.0 |
               +--------+--------+--------+--------+--------+-----+--------+

Top non-repeatable levels by time:
     D:9: 2183 daAuts
     D:8: 2057 daAuts
     D:7: 2054 daAuts
  Lair:1: 1618 daAuts
     D:5: 1261 daAuts
    D:10: 1172 daAuts
     D:1: 1146 daAuts
     D:6: 1101 daAuts
     D:4: 1035 daAuts
     D:2: 734 daAuts
     D:3: 715 daAuts
  Temple: 52 daAuts
  Lair:2: 2 daAuts
